 Dungeon Crawl Stone Soup version 0.21-a0-582-g1b93aee (webtiles) character file.

2559 SpeedyPerson7 the Cleaver (level 9, -4/84 HPs)
             Began as a Minotaur Berserker on Dec 19, 2017.
             Was a Priest of Trog.
             Slain by an orc warrior
             ... wielding a cursed -1 long sword
              (17 damage)
             ... on level 8 of the Dungeon.
             The game lasted 00:03:33 (3501 turns).

SpeedyPerson7 the Cleaver (Minotaur Berserker)      Turns: 3501, Time: 00:03:34

Health: -4/84      AC: 12    Str: 20 (23) XL:     9   Next: 31%
Magic:  8/8        EV:  5    Int:  3 (4)  God:    Trog [***...]
Gold:   315        SH:  3    Dex: 11 (12) Spells: 8/8 levels left

rFire    . . .     SeeInvis .   C - +0 war axe
rCold    . . .     Gourm    .   v - +0 buckler
rNeg     + . .     Faith    .   B - +0 plate armour {rN+}
rPois    .         Spirit   .   (helmet restricted)
rElec    .         Reflect  .   (no cloak)
rCorr    .         Harm     .   (no gloves)
MR       .....                  (no boots)
Stlth    ..........             (no amulet)
HPRegen  0.24/turn              j - ring of wizardry
MPRegen  0.11/turn              (no ring)

@: berserk cooldown, flying, slowed, drained, very slow
A: retaliatory headbutt, horns 2, talons 1, sense surroundings 1, shaggy fur 1
a: Berserk, Trog's Hand, Burn Spellbooks, Renounce Religion


You were on level 8 of the Dungeon.
You worshipped Trog.
Trog was most pleased with you.
You were hungry.

You visited 1 branch of the dungeon, and saw 8 of its levels.

You collected 315 gold pieces.

Inventory:

Hand Weapons
 a - a +0 hand axe
 w - a +3 hand axe
 C - a +0 war axe (weapon)
Armour
 b - a +0 animal skin
 e - a +0 ring mail
 v - a +0 buckler (worn)
 B - a +0 plate armour of positive energy (worn)
Jewellery
 f - an uncursed amulet of guardian spirit {unknown}
 j - a ring of wizardry (left hand)
Wands
 y - a wand of polymorph (24)
 A - a wand of acid (4)
Scrolls
 d - 6 scrolls of identify {unknown}
 h - 2 scrolls of teleportation {unknown}
 i - 2 scrolls of magic mapping {unknown}
 n - 3 scrolls of remove curse {unknown}
 o - a scroll of enchant weapon {unknown}
 q - a scroll of random uselessness {unknown}
 r - 3 scrolls of immolation {unknown}
 t - a scroll of amnesia {unknown}
 u - 2 scrolls of noise {unknown}
 z - a scroll of enchant armour {unknown}
Potions
 c - 2 potions of curing
 g - 4 potions of mutation {!q}
 k - a potion of flight
 m - a potion of brilliance {unknown}
 p - a potion of might {unknown}
 s - a potion of agility {unknown}
 x - a potion of degeneration {!q!q}
 E - a potion of heal wounds {unknown}
Comestibles
 l - 5 rations


   Skills:
 + Level 9.5(9.3) Fighting
 * Level 12.5(12.3) Axes
 - Level 2.4(2.2) Armour
 - Level 2.1(2.0) Dodging


You had 8 spell levels left.
You didn't know any spells.

Dungeon Overview and Level Annotations

Branches:
Dungeon (9/15)
 Temple: D:4-7         Lair: D:8-11         Orc: D:9-12

Altars:
Dithmenos
Fedhas
Nemelex Xobeh
Sif Muna
Zin


Innate Abilities, Weirdness & Mutations

You reflexively headbutt those who attack you in melee.
You have a pair of horns on your head.
You have sharp toenails.
You passively map a small area around you.
You are covered in fur. (AC +1)


Message History

You feel very buoyant.
You fly up into the air.
The centaur hits you but does no damage.
The orc priest looks encouraged for a moment.
The centaur hits you.
* * * LOW HITPOINT WARNING * * *
The orc warrior closely misses you. The centaur completely misses you.
You furiously retaliate!
You headbutt the centaur.
The orc priest hits you but does no damage.
It was a potion of degeneration.
There was something very wrong with that liquid.
You feel weakened.
You feel dopey.
You feel clumsy. The centaur barely misses you.
The orc warrior hits you with an enchanted long sword.
* * * LOW HITPOINT WARNING * * *
The centaur hits you.
* * * LOW HITPOINT WARNING * * *
The orc priest hits you but does no damage.
The orc warrior hits you with an enchanted long sword!
You die...

.. * ,... * * * * *#.. ######## *
* ** ###.### #.......,
.......###.>.... * **
#...o..<)... #####. ,
#.o##..######.....
#o@.(((((....#### .. *
###c######........ # .
...###.........###. #
###.##..#######.#...
###########.####....#####....÷...
...>...............#...)..##.)..#
.)†................)...).)....#.#
....).........(....#.########...#
..............###..#.# #....÷.#


You could see an orc warrior, a centaur, an orc priest and an orc.

Vanquished Creatures
  A two-headed ogre (D:8)
  A wyvern (D:8)
  An ice beast (D:8)
  2 orc warriors (D:8)
  A black bear (D:8)
  A sky beast (D:9)
  4 ogres
  A centaur (D:5)
  A wyvern zombie (D:8)
  2 scorpions
  5 wights (D:8)
  A crimson imp (D:8)
  A hound (D:5)
  3 orc priests
  A jelly (D:8)
  2 iguanas
  2 worker ants
  5 orc wizards
  A worker ant zombie (D:5)
  4 gnolls (D:2)
  4 adders
  An ooze (D:1)
  2 worms
  A leopard gecko (D:4)
  14 orcs
  A giant cockroach (D:2)
  5 goblins
  5 hobgoblins
  3 jackals (D:8)
  6 kobolds
  3 quokkas
  A jackal skeleton (D:6)
  A rat (D:1)
87 creatures vanquished.

Notes
Turn   | Place    | Note
-------+----------+-------------------------------------------
     0 | D:1      | SpeedyPerson7 the Minotaur Berserker began the quest for the Orb.
     0 | D:1      | Reached XP level 1. HP: 19/19 MP: 0/0
   138 | D:1      | Reached skill level 4 in Axes
   253 | D:1      | Reached XP level 2. HP: 27/27 MP: 1/1
   502 | D:2      | Reached XP level 3. HP: 14/33 MP: 2/2
   511 | D:2      | Reached skill level 5 in Axes
   958 | D:2      | Reached XP level 4. HP: 16/41 MP: 3/3
  1175 | D:3      | Reached ** piety under Trog
  1423 | D:3      | Found a glowing silver altar of Zin.
  1527 | D:4      | Reached skill level 6 in Axes
  1527 | D:4      | Reached XP level 5. HP: 32/47 MP: 4/4
  1713 | D:4      | Reached skill level 5 in Fighting
  2040 | D:5      | Entered Level 5 of the Dungeon
  2051 | D:5      | Reached skill level 7 in Axes
  2051 | D:5      | Reached XP level 6. HP: 56/56 MP: 5/5
  2137 | D:5      | Reached skill level 8 in Axes
  2145 | D:5      | Reached XP level 7. HP: 47/63 MP: 6/6
  2465 | D:5      | Found a blossoming altar of Fedhas.
  2481 | D:5      | Found a deep blue altar of Sif Muna.
  2789 | D:6      | Found a shadowy altar of Dithmenos.
  2799 | D:6      | You fall through a shaft for 3 floors!
  2803 | D:9      | Reached skill level 9 in Axes
  2817 | D:8      | Reached XP level 8. HP: 73/73 MP: 7/7
  2820 | D:8      | Reached skill level 10 in Axes
  3080 | D:8      | Noticed a two-headed ogre
  3086 | D:8      | Killed a two-headed ogre
  3086 | D:8      | Reached skill level 11 in Axes
  3086 | D:8      | Reached XP level 9. HP: 79/83 MP: 8/8
  3170 | D:8      | Found a sparkling altar of Nemelex Xobeh.
  3269 | D:8      | Reached *** piety under Trog
  3274 | D:8      | Reached skill level 12 in Axes
  3498 | D:8      | Gained mutation: You have sharp toenails. [potion of mutation]
  3498 | D:8      | Gained mutation: You are covered in fur. (AC +1) [potion of mutation]
  3498 | D:8      | Gained mutation: You passively map a small area around you. [potion of mutation]
  3501 | D:8      | Slain by an orc warrior

Vault maps used:
D:1:      dpeg_arrival_snail, nrook_uturn, serial_bayou_lake_a
D:3:      zin_statuary, serial_bayou_ford_a
D:5:      overflow_temple_1_default, fedhas_altar_2, lemuel_round_altar,
          first_ration, uniq_pikel
D:6:      lemuel_doored_altar, uniq_duvessa
D:8:      nemelex_xobeh_ov_fountains_minmay
D:9:      lair_entry_dummy, orc_0_dummy, serial_shops, shop, uniq_prince_ribbit1

Skill      XL: |  1  2  3  4  5  6  7  8  9 |
---------------+----------------------------+-----
Axes           | 4 5 6 7 8 9 11 12 | 12.5
Fighting       | 4 5 6 7 9 |  9.5
Armour         | |  2.4
Dodging        | |  2.1

Action                   |  1- 3 |  4- 6 |  7- 9 || total
-------------------------+-------+-------+-------++-------
Melee: Hand axe          |    43 |    76 |    46 ||   165
       Headbutt          |     7 |    17 |    17 ||    41
       War axe           |       |       |    45 ||    45
Invok: Berserk           |     2 |     3 |     6 ||    11
  Use: Potion            |       |       |     4 ||     4
 Stab: Sleeping          |       |     1 |       ||     1
  Eat: Ration            |     1 |       |       ||     1
       Chunk             |       |     4 |    10 ||    14
Armor: Animal skin       |     3 |     1 |       ||     4
       Ring mail         |       |    12 |     4 ||    16
       Plate armour      |       |       |    28 ||    28
Dodge: Dodged            |    31 |    43 |    31 ||   105
Block: Buckler           |       |     4 |    13 ||    17

Table legend:
 A = Spawn XP
 B = Non-spawn XP
 C = Spawn XP percentage of total XP
 D = Spawn monster count
 E = Non-spawn monster count
 F = Spawn count percentage of total count
 G = Total turns spent on level
                    A         B        C        D         E        F      G
               +---------+---------+-------+---------+---------+-------+---------
         Total |       0 |    3656 |   0.0 |       0 |      87 |   0.0 |  3501
               +---------+---------+-------+---------+---------+-------+---------
           D:1 |       0 |      20 |   0.0 |       0 |       9 |   0.0 |   468
           D:2 |       0 |      88 |   0.0 |       0 |      13 |   0.0 |   670
           D:3 |       0 |      21 |   0.0 |       0 |       5 |   0.0 |   380
           D:4 |       0 |     246 |   0.0 |       0 |      11 |   0.0 |   522
           D:5 |       0 |     540 |   0.0 |       0 |      17 |   0.0 |   499
           D:6 |       0 |      46 |   0.0 |       0 |       3 |   0.0 |   260
           D:8 |       0 |    2571 |   0.0 |       0 |      28 |   0.0 |   694
           D:9 |       0 |     124 |   0.0 |       0 |       1 |   0.0 |     8
               +---------+---------+-------+---------+---------+-------+---------
